 Dungeon Crawl Stone Soup version 0.16-a0-2675-g216447c (console) character file.

72 utis the Digger (level 4, -3/24 HPs)
             Began as a Deep Elf Earth Elementalist on Nov 24, 2014.
             Slain by an orc wizard
             ... wielding a +0 dagger
              (4 damage)
             ... on level 3 of the Dungeon.
             The game lasted 00:06:52 (3146 turns).

utis the Digger (Deep Elf Earth Elementalist)       Turns: 3146, Time: 00:06:52

Health: -3/24      AC:  4    Str: 11      XL:     4   Next: 7%
Magic:  2/13       EV: 11    Int: 18 (20) God:
Gold:   80         SH:  0    Dex: 15      Spells: 3 memorised, 3 levels left

rFire  . . .     SeeInvis .     q - -3 whip (curse)
rCold  . . .     Clarity  .     l - +1 leather armour
rNeg   . . .     SustAb   .     (no shield)
rPois  .         Gourm    .     (no helmet)
rElec  .         Spirit   .     (no cloak)
rCorr  .         Warding  .     (no gloves)
rMut   .         Stasis   .     (no boots)
MR     .....                    (no amulet)
Stlth  ++........               (no ring)
                                (no ring)

@: mighty, not resistant to hostile enchantments, unstealthy
A: no striking features
a: no special abilities


You were on level 3 of the Dungeon.
You were not hungry.

You visited 1 branch of the dungeon, and saw 3 of its levels.

You collected 80 gold pieces.

Inventory:

Hand weapons
 m - a +0 falchion
 q - a cursed -3 whip (weapon)
Missiles
 b - 90 stones {=f}
 s - 15 sling bullets
Armour
 c - a +0 robe
 l - a +1 leather armour (worn)
Jewellery
 g - an uncursed ring of teleportation
Scrolls
 r - a scroll of remove curse
Potions
 e - a potion of restore abilities
 i - a potion of resistance
 k - a potion of invisibility
Books
 d - a book of Geomancy

   Spells                             Type                      Level
   *Sandblast                         Earth                        1
   *Stoneskin                         Transmutation/Earth          2
   Passwall                           Transmutation/Earth          3
   *Stone Arrow                       Conjuration/Earth            3
   Petrify                            Transmutation/Earth          4
   Lee's Rapid Deconstruction         Earth                        5
 j - a book of Air

   Spells                             Type                      Level
   Shock                              Conjuration/Air              1
   Swiftness                          Charms/Air                   2
   Repel Missiles                     Charms/Air                   2
   Flight                             Charms/Air                   3
   Static Discharge                   Conjuration/Air              3
   Lightning Bolt                     Conjuration/Air              5
Comestibles
 a - 3 bread rations
 h - a slice of pizza
 o - 5 chunks of flesh


   Skills:
 - Level 2.4 Dodging
 - Level 2.4 Stealth
 - Level 3.0 Spellcasting
 + Level 1.4 Conjurations
 - Level 1.1 Transmutations
 - Level 5.1 Earth Magic


You had 3 spell levels left.
You knew the following spells:

 Your Spells              Type           Power        Failure   Level  Hunger
a - Sandblast             Erth           ###...       1%          1    None
b - Stone Arrow           Conj/Erth      ##....       14%         3    ###....
o - Stoneskin             Trmt/Erth      ##......     10%         2    ##.....


Dungeon Overview and Level Annotations

Branches:
Dungeon (3/15)

Altars:
Trog
Xom


Message History

It was a potion of might.
Something hits you.
* * * LOW HITPOINT WARNING * * *
You hit something but do no damage.
You hear some strange, mumbled words.
Something tries to affect you, but you resist.
You hear some strange, mumbled words.
You are confused.
You closely miss something. The orc closely misses you.
You bump into the rock wall.
Something hits you but does no damage. The orc closely misses you.
You bump into the rock wall.
Something hits you.
* * * LOW HITPOINT WARNING * * *
The orc closely misses you.
You completely miss something.
You feel less confused. Something hits you but does no damage.
The orc hits you.
* * * LOW HITPOINT WARNING * * *
Something hits you.
You die...

▓▓▓▓▓▓▓▓▓▓ ▓........▓ ▓▓
▓▓▓.▓▓{....▓▓▓▓▓▓▓▓▓▓.
▓▓▓▓>..oe................
▓......▓▓▓▓..............
▓....†)▓▓▓▓▓▓.[..▓▓▓▓▓▓.)
▓...........'....▓▓▓▓▓▓.▓
▓▓▓...▓▓▓▓▓▓▓....▓.......
▓▓.............▓'▓....▓
▓.▓...▓▓▓▓▓..........▓
▓.▓.. ▓......<...▓ ▓.▓.).
▓........▓.▓


You could see an orc.

Vanquished Creatures
  2 adders (D:2)
  A worm (D:2)
  2 giant geckos
  An ooze (D:1)
  2 orcs (D:3)
  9 goblins
  10 hobgoblins
  A ball python (D:2)
  4 bats
  2 giant cockroaches
  5 giant newts
  6 kobolds
  4 rats
49 creatures vanquished.

Notes
Turn   | Place    | Note
--------------------------------------------------------------
     0 | D:1      | utis, the Deep Elf Earth Elementalist, began the quest for the Orb.
     0 | D:1      | Reached XP level 1. HP: 10/10 MP: 5/5
   445 | D:1      | Reached XP level 2. HP: 13/15 MP: 4/8
   484 | D:1      | Learned a level 2 spell: Stoneskin
   498 | D:1      | Reached skill level 4 in Earth Magic
  1623 | D:2      | Reached XP level 3. HP: 16/19 MP: 5/10
  2018 | D:2      | Found a bloodstained altar of Trog.
  2222 | D:2      | Reached skill level 5 in Earth Magic
  2419 | D:2      | Learned a level 3 spell: Stone Arrow
  2804 | D:2      | Found a shimmering altar of Xom.
  2997 | D:3      | Reached skill level 1 in Conjurations
  3114 | D:3      | Reached XP level 4. HP: 24/24 MP: 10/13
  3146 | D:3      | HP: 1/24 [orc (2)]
  3146 | D:3      | Slain by an orc wizard

Action                   |  1- 3 |  4- 6 || total
-------------------------+-------+-------++-------
Melee: Whip              |       |     3 ||     3
 Cast: Sandblast         |    90 |    13 ||   103
  Use: Scroll            |     8 |       ||     8
       Potion            |       |     3 ||     3
  Eat: Chunk             |     5 |       ||     5
       Pizza             |     1 |       ||     1
